Map: Torches LE

Players

SKillous

  • Race: Protoss Protoss
  • League: Master
  • Spawn Location: 5:00

Lambo - Winner!

  • Race: Zerg Zerg
  • Spawn Location: 1:00

Event: FEL Cracov 2025

VOD

Have the link to the VOD?

Description

Time

  • Played on: July 27, 2025, 2:46 p.m.
  • Length: 7:13

All games in this series

Show
View Real Time Build Order
Export as new Build Order

SKillous Protoss 

Build Orders: 1 Gate Expand, Oracle Opening 

Get SALT Encoding   

  12  0:00  Probe  
  13  0:12  Probe  
  14  0:21  Pylon  
  14  0:24  Probe  
  15  0:35  Probe  
  16  0:43  Probe  
  16  0:44  Gateway  
  17  0:53  Probe  
  17  0:55  Assimilator  
  18  1:05  Probe  
  19  1:17  Probe  
  20  1:31  Cybernetics Core  
  20  1:39  Nexus  
  20  1:44  Pylon  
  20  1:49  Probe  
  21  1:54  Assimilator  
  21  1:58  Adept  
  22  2:01  Probe  
  24  2:08  Warp Gate  
  24  2:13  Probe  
  25  2:18  Adept  
  25  2:25  Probe  
  28  2:37  Probe  
  29  2:48  Adept, Probe  
  31  2:51  Probe  
  31  2:54  Stargate  
  31  2:56  Probe  
  33  3:03  Probe  
  35  3:06  Probe  
  35  3:08  Pylon  
  36  3:15  Probe  
  36  3:16  Pylon  
  36  3:18  Probe  
  38  3:27  Probe  
  38  3:30  Probe  
  38  3:31  Oracle  
  40  3:39  Probe  
  44  3:42  Probe  
  45  3:52  Probe, Gateway  
  45  3:54  Pylon  
  45  3:55  Probe  
  47  3:57  Stalker  
  49  4:04  Probe, Oracle  
  49  4:07  Probe  
  54  4:13  Nexus  
  54  4:14  Pylon  
  54  4:16  Probe  
  55  4:19  Probe  
  56  4:28  Probe  
  56  4:29  Twilight Council  
  51  4:32  Adept  
  51  4:35  Gateway  
  51  4:36  Gateway, Probe  
  54  4:40  Blink  
  54  4:45  Probe  
  54  4:48  Assimilator, Probe  
  54  4:50  Assimilator  
  54  4:52  Adept x2  
  57  4:57  Probe  
  60  5:01  Probe  
  60  5:06  Pylon  
  61  5:09  Probe  
  62  5:15  Pylon  
  62  5:19  Gateway  
  62  5:21  Gateway  
  62  5:24  Probe x2  
  62  5:25  Pylon  
  58  5:31  Adept x2  
  58  5:33  Sentry  
  64  5:37  Probe  
  64  5:40  Probe x2  
  65  5:43  Sentry  
  65  5:49  Probe  
  68  5:51  Shield Battery  
  68  5:52  Probe  
  68  5:56  Stalker  
  71  5:59  Stalker x2  
  71  6:01  Pylon  
  75  6:09  Stalker  
  74  6:24  Pylon  
  72  6:30  Pylon  
  72  6:32  Stalker x2  
Show
View Real Time Build Order
Export as new Build Order

Lambo Zerg - Winner!

Build Orders: Hatch First 

Get SALT Encoding   

  12  0:00  Drone  
  13  0:09  Drone  
  14  0:17  Overlord  
  14  0:25  Extractor, Drone  
  15  0:38  Drone  
  16  0:48  Hatchery  
  15  0:51  Drone  
  15  0:55  Drone  
  17  0:59  Drone  
  18  1:09  Extractor  
  17  1:13  Spawning Pool  
  17  1:17  Drone  
  17  1:20  Drone  
  18  1:26  Drone  
  19  1:41  Drone  
  20  1:47  Drone  
  21  2:00  Queen  
  21  2:01  Queen  
  23  2:06  Drone  
  26  2:12  Metabolic Boost  
  26  2:17  Zergling x4  
  26  2:20  Overlord  
  28  2:32  Overlord  
  28  2:38  Zergling x4  
  28  2:39  Queen  
  28  2:42  Spore Crawler  
  32  2:51  Drone  
  32  2:53  Hatchery  
  32  2:56  Drone  
  33  3:00  Zergling x4  
  33  3:02  Zergling x2  
  36  3:11  Zergling x2  
  36  3:12  Zergling x2  
  38  3:14  Queen  
  38  3:17  Zergling x2  
  41  3:24  Zergling x6  
  44  3:28  Overlord  
  44  3:31  Overlord  
  44  3:33  Overlord  
  44  3:40  Overlord  
  44  3:44  Overlord  
  44  3:46  Overlord  
  44  3:48  Drone  
  45  3:52  Drone x2  
  45  3:53  Drone  
  45  3:55  Drone  
  49  3:59  Spore Crawler  
  49  4:02  Drone x2  
  50  4:04  Drone  
  50  4:07  Drone x2  
  53  4:10  Drone  
  53  4:13  Drone  
  53  4:15  Drone  
  56  4:19  Drone  
  56  4:25  Drone x4  
  56  4:27  Drone x2  
  56  4:29  Drone  
  58  4:31  Drone  
  58  4:34  Extractor  
  58  4:37  Roach Warren  
  57  4:41  Zergling x6  
  57  4:44  Zergling x2  
  61  4:50  Zergling x10  
  66  4:53  Extractor, Spore Crawler  
  66  4:58  Queen  
  66  5:04  Zergling x8  
  67  5:08  Overlord  
  67  5:09  Zergling x2  
  68  5:22  Zergling x16  
  74  5:32  Roach x5  
  84  5:40  Roach x3  
  87  5:45  Roach x3  
  91  5:50  Roach  
  91  5:53  Roach  
  95  5:58  Lair  
  95  6:00  Roach  
  97  6:07  Zergling x2  
  98  6:18  Zergling x12  
  98  6:21  Zergling x6  
  97  6:27  Zergling x2  
  97  6:29  Zergling x2  
  97  6:30  Overlord  
  98  6:33  Overlord  
  98  6:36  Zergling x4  
  98  6:39  Zergling x4  
Tags
 
Add a new tag
Caveats
  • Supply blocks, unpowered buildings, or Contaminate may cause inaccurate times.
  • Supply counts are checked every 10 seconds.